 Dungeon Crawl Stone Soup version 0.27-a0-1558-g458e30b (webtiles) character file.

Game seed: 709607541697238843

13193 Illumine the Grappler (level 11, -4/110 HPs)
             Began as a Troll Monk on July 15, 2021.
             Slain by a blink frog (14 damage)
             ... on level 1 of the Lair of Beasts.
             The game lasted 00:20:03 (10826 turns).

Illumine the Grappler (Troll Monk)                 Turns: 10826, Time: 00:20:04

Health: -4/110     AC:  5    Str: 23    XL:     11   Next: 72%
Magic:  10/10      EV: 12    Int: 10    God:
Gold:   888        SH: 12    Dex: 18    Spells: 10/10 levels left

rFire    + . .     SeeInvis .     - Unarmed
rCold    . . .     Faith    +   y - +2 kite shield
rNeg     . . .     Spirit   .   a - +0 robe
rPois    .         Reflect  .   (helmet restricted)
rElec    .         Harm     .   D - +0 cloak
rCorr    .         Rampage  .   (gloves unavailable)
Will     .....                  (boots unavailable)
Stlth    ++........             i - amulet of Gasi {Faith Int+3}
HPRegen  1.28/turn              B - +6 ring of dexterity
MPRegen  0.12/turn              G - ring of protection from fire

@: lethally poisoned (-4 -> -9)
A: large, unfitting armour, claws 3, regeneration 1, shaggy fur 1, tough skin 1
a: no special abilities


You were on level 1 of the Lair of Beasts.
You visited 2 branches of the dungeon, and saw 12 of its levels.
You also visited: Volcano.

You collected 1061 gold pieces.
You spent 173 gold pieces at shops.

Inventory:

Missiles
 b - 401 stones (quivered)
 d - 8 silver boomerangs
 J - 4 large rocks
Armour
 a - a +0 robe (worn)
 o - a +0 tower shield
 y - a +2 kite shield (worn)
 D - a +0 cloak (worn)
Jewellery
 g - a ring of wizardry
 i - the amulet of Gasi (around neck) {Faith Int+3}
   (You acquired it on level 5 of the Dungeon)

   [amulet of faith]

   It allows you to gain divine favour quickly.
   Int:       It affects your intelligence (+3).
 A - a ring of wizardry
 B - a +6 ring of dexterity (left claw)
 G - a ring of protection from fire (right claw)
 K - a ring of fire
Wands
 q - a wand of flame (35)
 C - a wand of charming (13)
 F - a wand of paralysis (3)
 H - a wand of polymorph (13)
 L - a wand of iceblast (10)
Scrolls
 c - 4 scrolls of amnesia
 j - 3 scrolls of enchant armour
 l - a scroll of vulnerability {unknown}
 r - a scroll of holy word {unknown}
 s - a scroll of magic mapping
 t - a scroll of blinking {unknown}
 v - a scroll of fog {unknown}
 w - 2 scrolls of enchant weapon
 x - a scroll of brand weapon {unknown}
 z - a scroll of teleportation {unknown}
 E - a scroll of torment
 I - 2 scrolls of identify
Potions
 e - 2 potions of lignification
 f - a potion of magic
 h - 2 potions of mutation
 k - 6 potions of curing
 m - 3 potions of degeneration
 n - 3 potions of might
 p - 2 potions of brilliance
 u - 2 potions of haste
 M - a potion of heal wounds


   Skills:
 * Level 7.6 Fighting
 * Level 6.0 Throwing
 + Level 6.7 Dodging
 - Level 1.0 Stealth
 + Level 5.8 Shields
 + Level 11.9 Unarmed Combat


You had 10 spell levels left.
You didn't know any spells.
Your spell library contained the following spells:

 Spells                   Type           Power      Damage    Failure   Level
 Animate Skeleton         Necr           0%         N/A       58%         1
 Pain                     Necr           0%         1d4       58%         1
 Sting                    Tmut/Pois      0%         1d3       58%         1
 Ensorcelled Hibernation  Hex/Ice        0%         N/A       75%         2
 Poisonous Vapours        Pois/Air       0%         N/A       75%         2
 Call Canine Familiar     Summ           0%         N/A       92%         3
 Ozocubu's Armour         Ice            0%         N/A       92%         3
 Portal Projectile        Hex/Tloc       0%         N/A       92%         3
 Spider Form              Tmut/Pois      0%         N/A       92%         3
 Stone Arrow              Conj/Erth      0%         3d7       92%         3
 Vampiric Draining        Necr           0%         2d6       92%         3
 Leda's Liquefaction      Hex/Erth       0%         N/A       100%        4
 Olgreb's Toxic Radiance  Pois           0%         N/A       100%        4
 Agony                    Necr           0%         N/A       100%        5
 Blade Hands              Tmut           0%         N/A       100%        5
 Bolt of Magma            Conj/Fire/Erth 0%         4d4       100%        5
 Excruciating Wounds      Necr           0%         N/A       100%        5
 Shadow Creatures         Summ           N/A        N/A       100%        6
 Ozocubu's Refrigeration  Ice            0%         4d5       100%        7
 Shatter                  Erth           0%         3d5*      100%        9


Dungeon Overview and Level Annotations

Branches:
Dungeon (11/15)            Temple (0/1) D:7            Lair (1/6) D:11
    Orc (0/2) D:11        Volcano (visited)

Altars:
Ashenzari
Dithmenos
Gozag
Makhleb
Nemelex Xobeh
Ru
Trog
Wu Jian
Xom
Yredelemnul

Shops:
D:4 [   D:5 !

Annotations:
D:7 5 transporters
D:10 Sonja


Innate Abilities, Weirdness & Mutations

You are too large for most types of armour.
You have claws for hands.
Your natural rate of healing is unusually fast.
You are covered in fur. (AC +1)
You have tough skin. (AC +1)


Message History

Unknown command.
You closely miss the blink frog.
The blink frog is severely wounded.
You block the blink frog's attack. The water moccasin closely misses you.
You barely miss the blink frog.
The blink frog is severely wounded.
The blink frog hits you! You block the blink frog's attack.
You block the water moccasin's attack.
The blink frog blinks!
You claw the blink frog!
You kill the blink frog!
You block the blink frog's attack. The water moccasin bites you.
The blink frog blinks!
The blink frog hits you! The water moccasin closely misses you.
Your Throwing skill increases to level 6!
You are too injured to fight recklessly!
Unknown command.
You miss the water moccasin.
The water moccasin is heavily wounded.
You block the blink frog's attack. The water moccasin bites you.
You are poisoned.
The water moccasin poisons you!
You claw the water moccasin!
The water moccasin is almost dead.
You feel very sick. The blink frog barely misses you.
The water moccasin bites you.
You are more poisoned.
The water moccasin poisons you! You block the blink frog's attack.
You claw the water moccasin!
You kill the water moccasin!
You feel very sick. The blink frog closely misses you.
The blink frog misses you.
You miss the blink frog.
The blink frog is moderately wounded.
You feel very sick.
The blink frog blinks!
The blink frog hits you!!
* * * LOW HITPOINT WARNING * * *
You closely miss the blink frog.
You feel very sick. The blink frog hits you!
You die...

*,+,,,,,,.P.,#§§.≈§#...#.
#.#.......#..#§§.≈§#...#.
#.#.#.#.)#...#≈≈.≈≈#...#.
#............##§.≈##...#.
#............##...#...##.
#.............#.......#..
#.............##.....##..
*#......†§.....?#######***
*.......F@......# ### *.
*#.#.+#.###.....# ###.####
*,.............# #....P##
*,#.F..........# #....###
*,+.......#....# #......+
*,#.......#....###.#.##.#
**,.............P####.####
*,...............####'##P.
**,........#..............


You could see 2 blink frogs.

Vanquished Creatures
  2 two-headed ogres (D:9)
  A fire crab (Volcano)
  A cyclops (D:11)
  A cane toad (Lair:1)
  2 unseen horrors (D:11)
  5 komodo dragons
  4 trolls
  Grinder (D:4)
  2 blink frogs (Lair:1)
  2 shadows
  Sigmund (D:6)
  3 wyverns
  Eustachio (D:6)
  A human (D:4)
  9 fire bats (Volcano)
  8 yaks
  A steam dragon (Volcano)
  Menkaure (D:4)
  Edmund (D:3)
  3 water moccasins
  3 ice beasts
  A hornet zombie (D:9)
  3 orc warriors
  An ogre (D:11)
  A centaur (D:7)
  A kobold brigand (D:9)
  2 bullfrogs (Lair:1)
  A gnoll sergeant (D:10)
  2 scorpions
  A wyvern skeleton (D:7)
  4 killer bees (D:5)
  5 wights (D:7)
  6 lava snakes (Volcano)
  A centaur zombie (D:8)
  A bullfrog skeleton (D:6)
  2 hounds
  13 orc priests
  A bullfrog zombie (D:7)
  2 iguanas
  15 orc wizards
  A howler monkey zombie (D:8)
  Robin (D:3)
  12 adders
  16 gnolls
  A white imp (D:6)
  2 ufetubi (D:7)
  An adder zombie (D:4)
  3 worms
  3 dart slugs
  26 orcs
  7 ball pythons
  4 endoplasms
  2 giant cockroaches
  13 goblins
  6 hobgoblins
  5 jackals
  4 quokkas
  5 bats
  A frilled lizard (D:1)
  11 kobolds
  A quokka skeleton (D:4)
  3 rats
244 creatures vanquished.

Vanquished Creatures (others)
  A steam dragon (Volcano)
  3 fungi (Lair:1)
4 creatures vanquished.

Grand Total: 248 creatures vanquished

Notes
Turn   | Place    | Note
-------+----------+-------------------------------------------
     0 | D:1      | Illumine the Troll Monk began the quest for the Orb.
     0 | D:1      | Reached XP level 1. HP: 22/22 MP: 0/0
   283 | D:1      | Reached XP level 2. HP: 29/29 MP: 1/1
   467 | D:1      | Found a faded altar of an unknown god.
   842 | D:2      | Reached XP level 3. HP: 33/36 MP: 2/2
   845 | D:2      | Reached skill level 4 in Unarmed Combat
  1541 | D:3      | Reached XP level 4. HP: 42/44 MP: 3/3
  1551 | D:3      | Reached skill level 5 in Unarmed Combat
  1658 | D:3      | Reached XP level 5. HP: 36/50 MP: 4/4
  1733 | D:3      | Reached skill level 6 in Unarmed Combat
  1846 | D:3      | Found a broken altar of Ashenzari.
  2276 | D:4      | Noticed Menkaure
  2344 | D:4      | Killed Menkaure
  2345 | D:4      | Reached skill level 7 in Unarmed Combat
  2345 | D:4      | Reached XP level 6. HP: 36/59 MP: 5/5
  2435 | D:4      | Noticed Edmund
  2435 | D:4      | Noticed Robin
  2582 | D:3      | Killed Robin
  2606 | D:3      | Killed Edmund
  2607 | D:3      | Reached XP level 7. HP: 29/66 MP: 6/6
  2847 | D:4      | Found a runed translucent door.
  2848 | D:4      | Noticed a human
  2879 | D:4      | Found a basalt altar of Yredelemnul.
  2895 | D:4      | Killed a human
  2944 | D:4      | Found Mosaliq's Antique Armour Boutique.
  2955 | D:4      | Bought a tower shield for 103 gold pieces
  3004 | D:4      | Noticed Grinder
  3017 | D:4      | Paralysed by Grinder for 6 turns
  3027 | D:4      | Killed Grinder
  3028 | D:4      | Reached skill level 1 in Shields
  3028 | D:4      | Reached skill level 8 in Unarmed Combat
  3340 | D:5      | Entered Level 5 of the Dungeon
  3427 | D:5      | Reached XP level 8. HP: 76/76 MP: 7/7
  3560 | D:5      | Found Jetuad's Distillery.
  3717 | D:5      | Bought a potion of heal wounds for 70 gold pieces
  4274 | D:5      | Identified a scroll of acquirement
  4274 | D:5      | Acquired the amulet of Gasi {Faith Int+3}
  4388 | D:6      | Reached skill level 9 in Unarmed Combat
  4466 | D:6      | Noticed Eustachio
  4477 | D:6      | Killed Eustachio
  4646 | D:6      | Noticed Sigmund
  4648 | D:6      | Killed Sigmund
  4649 | D:6      | Reached XP level 9. HP: 82/85 MP: 8/8
  4703 | D:6      | Found a bloodstained altar of Trog.
  4974 | D:7      | Found a transporter.
  4976 | D:7      | Found a transporter.
  4995 | D:7      | Found a transporter.
  5022 | D:7      | Noticed a manticore
  5230 | D:7      | Found a transporter.
  5230 | D:7      | Found a transporter.
  5261 | D:7      | Reached skill level 10 in Unarmed Combat
  5333 | D:7      | Reached skill level 5 in Fighting
  5557 | D:7      | Found a staircase to the Ecumenical Temple.
  5673 | D:7      | Found a burning altar of Makhleb.
  5798 | D:8      | Found a sacrificial altar of Ru.
  5975 | D:8      | Found an opulent altar of Gozag.
  5975 | D:8      | Found a sparkling altar of Nemelex Xobeh.
  5975 | D:8      | Found a shadowy altar of Dithmenos.
  6051 | D:8      | Reached skill level 5 in Dodging
  6393 | D:8      | Reached skill level 1 in Throwing
  6417 | D:8      | Found a shimmering altar of Xom.
  6433 | D:8      | Found a shimmering altar of Xom.
  6697 | D:9      | Noticed a troll
  6705 | D:9      | Killed a troll
  6928 | D:9      | Noticed a two-headed ogre
  6949 | D:9      | Killed a two-headed ogre
  6950 | D:9      | Reached XP level 10. HP: 39/96 MP: 9/9
  7536 | D:10     | Entered Level 10 of the Dungeon
  7587 | D:10     | Noticed a two-headed ogre
  7628 | D:9      | Reached skill level 11 in Unarmed Combat
  7800 | D:9      | Killed a two-headed ogre
  7895 | D:10     | Noticed an ogre mage
  7895 | D:10     | Noticed a two-headed ogre
  7895 | D:10     | Noticed a two-headed ogre
  8002 | D:10     | Noticed Sonja
  8419 | D:10     | Noticed a two-headed ogre
  8419 | D:10     | Noticed a two-headed ogre
  8505 | D:11     | Noticed a cyclops
  8522 | D:11     | Killed a cyclops
  8613 | D:11     | Reached skill level 5 in Shields
  8741 | D:11     | Found an ornate altar of the Wu Jian Council.
  8770 | D:11     | Found a staircase to the Orcish Mines.
  8854 | D:11     | Reached XP level 11. HP: 46/107 MP: 10/10
  9235 | D:11     | Found a staircase to the Lair.
  9935 | Lair:1   | Entered Level 1 of the Lair of Beasts
  9977 | Lair:1   | Found a dark tunnel.
  9986 | Volcano  | Entered a volcano
 10141 | Volcano  | Reached skill level 5 in Throwing
 10199 | Volcano  | Noticed a fire crab
 10200 | Volcano  | Found a burning altar of Makhleb.
 10242 | Volcano  | Killed a fire crab
 10328 | Volcano  | Noticed a hell hog
 10328 | Volcano  | Noticed an obsidian statue
 10826 | Lair:1   | Slain by a blink frog

Illustrated notes

Levels and vault maps discovered:
D:1:      psy_arrival_terrarium, layout_loops_ring,
          chequers_ecumenical_altar_grove
D:2:      layout_basic
D:3:      layout_loops_ring, cheibrodos_ashenzari_chains
D:4:      layout_loops_cross, dk_yredelemnul_ordeal, serial_shops, shop,
          uniq_robin, uniq_edmund, uniq_menkaure, uniq_grinder
D:5:      layout_loops_ring, serial_shops, nicolae_inconvenience_store
D:6:      layout_rooms, bloody_trog, corexii_leaking_fountain,
          lemuel_old_faithful, uniq_sigmund, uniq_eustachio
D:7:      gammafunk_the_bubble [the_bubble_gammafunk_roulette], layout_basic,
          mainiacjoe_overflow_boulevard, minmay_temple_entry_offerings,
          minmay_misc_feat_roman
D:8:      layout_basic, xom_redecorated, hangedman_ru_absence,
          gammafunk_temple_overflow_claw
D:9:      layout_roguey
D:10:     layout_irregular_city, small_statue_intersection, due_unseen_surprise,
          uniq_sonja
D:11:     layout_layer_cave, lair_entry_dummy, erik_orc_3, st_stairs_12,
          nzn_wu_jian_council_hall
Lair:1:   layout_regular_city, lightli_volcano_entry_magma_tube,
          fungi_pond_lemuel

Skill      XL: |  1  2  3  4  5  6  7  8  9 10 11 |
---------------+----------------------------------+-----
Unarmed Combat | 4 5 7 8 9 10 11 | 11.9
Fighting       | 3 4 5 6 7 |  7.6
Dodging        | 3 4 5 6 |  6.7
Shields        | 1 3 4 5 |  5.8
Throwing       | 2 4 6 |  6.0
Stealth        | |  1.0

Action                   |  1- 3 |  4- 6 |  7- 9 | 10-12 || total
-------------------------+-------+-------+-------+-------++-------
Melee: Unarmed           |    89 |    99 |   352 |   289 ||   829
       Punch             |     2 |     6 |    12 |       ||    20
Throw: Throwing net      |       |       |     1 |       ||     1
       Stone             |       |       |    39 |     8 ||    47
       Boomerang         |       |       |     5 |     2 ||     7
  Use: Scroll            |       |       |     9 |     4 ||    13
       Potion            |       |       |     3 |       ||     3
 Stab: Sleeping          |     1 |       |       |     2 ||     3
       Held in net/web   |       |       |     1 |       ||     1
Armor: Robe              |    30 |    26 |    82 |    53 ||   191
Dodge: Dodged            |    43 |    32 |   153 |   108 ||   336
Block: Tower shield      |       |       |    82 |    78 ||   160
       Kite shield       |       |       |       |   125 ||   125

Table legend: (Time is in decaauts)
 A = Elapsed time spent in this place.
 B = Non-inter-level travel time spent in this place.
 C = Inter-level travel time spent in this place.
 D = Time resting spent in this place.
 E = Time spent auto-exploring this place.
 F = Levels seen in this place.
 G = Mean time per level.
                   A        B        C        D        E       F      G
               +--------+--------+--------+--------+--------+-----+--------+
         Total |  10805 |  10511 |    294 |   1245 |   6741 |  13 |  831.2 |
       Dungeon |   9926 |   9632 |    294 |   1077 |   6429 |  11 |  902.4 |
          Lair |    453 |    453 |      0 |     37 |    297 |   1 |  453.0 |
       Volcano |    425 |    425 |      0 |    131 |     15 |   1 |  425.0 |
               +--------+--------+--------+--------+--------+-----+--------+

Top non-repeatable levels by time:
    D:11: 1499 daAuts
     D:9: 1073 daAuts
     D:5: 1027 daAuts
     D:3: 935 daAuts
     D:8: 869 daAuts
     D:4: 853 daAuts
     D:7: 832 daAuts
     D:2: 765 daAuts
     D:1: 763 daAuts
    D:10: 758 daAuts
     D:6: 548 daAuts
  Lair:1: 453 daAuts
 Volcano: 425 daAuts
